 Dungeon Crawl Stone Soup version 0.24.0-123-gd5b16e6ec5 (webtiles) character file.

Game seed: 3838404445373486957, levelgen mode: deterministic

1880 FishyPogo the Magician (level 9, -3/69 HPs)
             Began as a Gnoll Skald on Dec 29, 2019.
             Was a Follower of Makhleb.
             Splashed by an orc warrior's acid (14 damage)
             ... on level 6 of the Dungeon.
             The game lasted 00:18:09 (4530 turns).

FishyPogo the Magician (Gnoll Skald)                Turns: 4530, Time: 00:18:13

Health: -3/69      AC: 15    Str: 16    XL:     9   Next: 14%
Magic:  24/27      EV: 14    Int: 17    God:    Makhleb [*.....]
Gold:   355        SH:  0    Dex: 21    Spells: 9/20 levels left

rFire    . . .     SeeInvis .   G - +4 rapier of Sulphur {pierce, rC+ Dex+7}
rCold    + . .     Gourm    .   (no shield)
rNeg     + . .     Faith    .   u - +3 scale mail
rPois    .         Spirit   .   (no helmet)
rElec    .         Reflect  .   (no cloak)
rCorr    .         Harm     .   h - +1 pair of gloves
MR       .....                  p - +2 pair of boots
Stlth    ++........             (no amulet)
HPRegen  0.21/turn              L - ring of positive energy
MPRegen  0.20/turn              K - ring of magical power

@: singing
A: distributed training, fangs 1, strong nose
a: Renounce Religion


You were on level 6 of the Dungeon.
You worshipped Makhleb.
Makhleb was aware of your devotion.
You were not hungry.

You visited 2 branches of the dungeon, and saw 8 of its levels.

You collected 365 gold pieces.
You spent 10 gold pieces at shops.

Inventory:

Hand Weapons
 a - a +2 flail of crushing
 b - a +2 dagger of holy wrath
 z - a +0 hand axe of chopping
 G - the +4 rapier of Sulphur (weapon) {pierce, rC+ Dex+7}
   (You found it on level 7 of the Dungeon)

   It inflicts extra damage upon your enemies.
   It affects your dexterity (+7).
   It protects you from cold.
Missiles
 c - 150 stones (quivered)
 n - 13 poisoned darts
 w - a throwing net
 C - 3 boomerangs
Armour
 h - a +1 pair of gloves (worn)
 p - a +2 pair of boots (worn)
 u - a +3 scale mail (worn)
 v - a +0 leather armour
 A - a +0 shield
 F - a +2 ring mail of fire resistance
Jewellery
 o - a +3 ring of intelligence
 K - a ring of magical power (right hand)
 L - a ring of positive energy (left hand)
Scrolls
 e - 4 scrolls of teleportation {unknown}
 g - 4 scrolls of identify {unknown}
 i - a scroll of noise {unknown}
 j - a scroll of immolation {unknown}
 k - 5 scrolls of remove curse {unknown}
 m - a scroll of fog {unknown}
 r - a scroll of blinking {unknown}
 s - a scroll of enchant weapon {unknown}
 x - a scroll of fear {unknown}
 y - a scroll of magic mapping {unknown}
 I - a scroll of amnesia {unknown}
Potions
 f - a potion of might {unknown}
 l - 2 potions of invisibility {unknown}
 q - a potion of berserk rage {unknown}
 t - a potion of cancellation {unknown}
 B - a potion of flight {unknown}
 D - a potion of brilliance {unknown}
 E - 2 potions of lignification {unknown}
 H - 2 potions of heal wounds {unknown}
Comestibles
 d - 14 rations
 J - 7 chunks of flesh


   Skills:
 + Level 6.1 Fighting
 + Level 6.1 Short Blades
 + Level 3.9 Long Blades
 + Level 3.9 Axes
 + Level 3.9 Maces & Flails
 + Level 3.9 Polearms
 + Level 3.9 Staves
 + Level 3.9 Slings
 + Level 3.9 Bows
 + Level 3.9 Crossbows
 + Level 3.9 Throwing
 + Level 4.7 Armour
 + Level 6.1 Dodging
 + Level 3.9 Stealth
 + Level 3.9 Shields
 + Level 3.9 Unarmed Combat
 + Level 6.4 Spellcasting
 + Level 3.2 Conjurations
 + Level 3.2 Hexes
 + Level 6.4 Charms
 + Level 3.2 Summonings
 + Level 3.2 Necromancy
 + Level 3.2 Translocations
 + Level 3.2 Transmutations
 + Level 3.2 Fire Magic
 + Level 3.2 Ice Magic
 + Level 3.2 Air Magic
 + Level 3.2 Earth Magic
 + Level 3.2 Poison Magic
 + Level 4.2 Invocations
 + Level 3.9 Evocations


You had 9 spell levels left.
You knew the following spells:

 Your Spells              Type           Power        Failure   Level  Hunger
h - Regeneration          Chrm/Necr      ###.......   17%         3    ##.....
n - Spectral Weapon       Hex/Chrm       ###.....     17%         3    ##.....
p - Shroud of Golubria    Chrm/Tloc      ###...       9%          2    None
u - Song of Slaying       Chrm           ####....     4%          2    None
y - Infusion              Chrm           ####         3%          1    None

Your spell library contained the following spells:

 Spells                   Type           Power        Failure   Level  Hunger


Dungeon Overview and Level Annotations

Branches:
Dungeon (7/15)             Temple (1/1) D:4

Altars:
Cheibriados
Dithmenos
Elyvilon
Kikubaaqudgha
Makhleb
Nemelex Xobeh
Okawaru
Ru
Trog
Vehumet
Wu Jian
Xom
Yredelemnul
The Shining One

Shops:
D:5 !

Annotations:
D:3 Blork the orc


Innate Abilities, Weirdness & Mutations

Your experience applies equally to all skills.
You have very sharp teeth.
Your uncanny sense of smell can sniff out nearby items.


Message History

You see here an arrow.
Casting: Song of Slaying (safe; 4% risk of failure)
Confirm with . or Enter, or press ? or * to list all spells.
You draw out your weapon's spirit!
The orc warrior hits you from afar with a +0 halberd!
You barely miss the orc warrior.
Your spectral weapon hits the orc warrior but does no damage.
The orc warrior barely misses you.
You puncture the orc warrior!
The orc warrior is moderately wounded.
Your spectral weapon barely misses the orc warrior.
The orc hits you with a +0 war axe!
* * * LOW HITPOINT WARNING * * *
You closely miss the orc warrior.
The orc warrior is moderately wounded.
Your spectral weapon barely misses the orc warrior.
The orc warrior zaps a wand.
The bolt of acid hits you.
* * * LOW HITPOINT WARNING * * *
You are splashed with acid!
You die...

##### ##############
#...#
.......)..(o@####)..#
#....(.#####o(..(...#
#)..... ######...#
#....o. #...# #......
#.######### #$.....
#######.##......#
#......
...)....<<......#
.......
######..##......#
#..###.######


You could see an orc warrior, an orc and a friendly spectral +4 rapier of
Sulphur {pierce, rC+ Dex+7}.

Vanquished Creatures
  A hippogriff (D:7)
  Eustachio (D:5)
  Edmund (D:4)
  An ice beast (D:5)
  An orc warrior (D:5)
  2 black bears
  2 ogres
  3 centaurs
  A big kobold (D:7)
  A howler monkey (D:4)
  A jelly (D:7)
  2 hounds
  3 orc wizards
  A bullfrog skeleton (D:4)
  Natasha (thrice) (D:2)
  2 worker ants
  A howler monkey skeleton (D:7)
  10 adders
  3 gnolls (D:3)
  4 worms
  A dart slug (D:1)
  4 leopard geckos
  11 orcs
  7 bats
  3 giant cockroaches
  8 goblins
  8 hobgoblins
  7 jackals
  3 quokkas
  A ball python (D:4)
  5 frilled lizards
  8 kobolds
  4 rats
114 creatures vanquished.

Vanquished Creatures (others)
  A spectral weapon (D:6)
1 creature vanquished.

Grand Total: 115 creatures vanquished

Notes
Turn   | Place    | Note
-------+----------+-------------------------------------------
     0 | D:1      | FishyPogo the Gnoll Skald began the quest for the Orb.
     0 | D:1      | Reached XP level 1. HP: 20/20 MP: 6/6
   135 | D:1      | Reached XP level 2. HP: 23/26 MP: 7/7
   147 | D:1      | Learned a level 2 spell: Song of Slaying
   150 | D:1      | Learned a level 2 spell: Shroud of Golubria
   701 | D:1      | Reached XP level 3. HP: 28/31 MP: 7/9
   706 | D:1      | Learned a level 3 spell: Regeneration
   710 | D:1      | Learned a level 3 spell: Spectral Weapon
   768 | D:1      | Reached skill level 5 in Spellcasting
   904 | D:2      | Reached skill level 1 in Invocations
  1010 | D:2      | Reached skill level 1 in Long Blades
  1010 | D:2      | Reached skill level 1 in Axes
  1010 | D:2      | Reached skill level 1 in Maces & Flails
  1010 | D:2      | Reached skill level 1 in Polearms
  1010 | D:2      | Reached skill level 1 in Staves
  1010 | D:2      | Reached skill level 1 in Slings
  1010 | D:2      | Reached skill level 1 in Bows
  1010 | D:2      | Reached skill level 1 in Crossbows
  1010 | D:2      | Reached skill level 1 in Throwing
  1010 | D:2      | Reached skill level 1 in Stealth
  1010 | D:2      | Reached skill level 1 in Shields
  1010 | D:2      | Reached skill level 1 in Unarmed Combat
  1010 | D:2      | Reached skill level 1 in Evocations
  1050 | D:2      | Noticed Natasha
  1085 | D:2      | Reached XP level 4. HP: 29/38 MP: 11/11
  1179 | D:2      | Killed Natasha
  1179 | D:2      | Reached skill level 1 in Conjurations
  1179 | D:2      | Reached skill level 1 in Hexes
  1179 | D:2      | Reached skill level 1 in Summonings
  1179 | D:2      | Reached skill level 1 in Necromancy
  1179 | D:2      | Reached skill level 1 in Translocations
  1179 | D:2      | Reached skill level 1 in Transmutations
  1179 | D:2      | Reached skill level 1 in Fire Magic
  1179 | D:2      | Reached skill level 1 in Ice Magic
  1179 | D:2      | Reached skill level 1 in Air Magic
  1179 | D:2      | Reached skill level 1 in Earth Magic
  1179 | D:2      | Reached skill level 1 in Poison Magic
  1364 | D:3      | Reached XP level 5. HP: 40/43 MP: 9/12
  1755 | D:3      | Noticed a centaur
  1768 | D:3      | Killed a centaur
  1768 | D:3      | Reached XP level 6. HP: 28/50 MP: 5/13
  1861 | D:2      | Found a shadowy altar of Dithmenos.
  1941 | D:2      | Noticed Natasha
  1953 | D:2      | Killed Natasha
  2026 | D:2      | Noticed Natasha
  2033 | D:2      | Killed Natasha
  2033 | D:2      | Reached skill level 5 in Fighting
  2033 | D:2      | Reached skill level 5 in Short Blades
  2033 | D:2      | Reached skill level 5 in Dodging
  2286 | D:3      | Noticed Blork the orc
  2399 | D:4      | Noticed Edmund
  2472 | D:4      | Killed Edmund
  2472 | D:4      | Reached XP level 7. HP: 38/56 MP: 11/15
  2546 | D:4      | Found a staircase to the Ecumenical Temple.
  2555 | Temple   | Entered the Ecumenical Temple
  2566 | Temple   | Became a worshipper of Makhleb the Destroyer
  2977 | D:4      | You fall into a shaft and drop 1 floor!
  2977 | D:5      | Entered Level 5 of the Dungeon
  3027 | D:5      | Found Hoges's Distillery.
  3035 | D:5      | Bought a potion of degeneration for 10 gold pieces
  3335 | D:4      | You fall into a shaft and drop 3 floors!
  3347 | D:7      | Found a white marble altar of Elyvilon.
  3401 | D:7      | Reached XP level 8. HP: 63/63 MP: 16/16
  3503 | D:7      | Noticed a hippogriff
  3511 | D:7      | Killed a hippogriff
  3539 | D:7      | Got a pitted rapier
  3540 | D:7      | Identified the +4 rapier of Sulphur {pierce, rC+ Dex+7}
                  | (You found it on level 7 of the Dungeon)
  3930 | D:5      | Noticed Eustachio
  3941 | D:5      | Killed Eustachio
  4067 | D:5      | Found an ornate altar of the Wu Jian Council.
  4082 | D:5      | Found a sparkling altar of Nemelex Xobeh.
  4085 | D:5      | Found an ancient bone altar of Kikubaaqudgha.
  4096 | D:5      | Found a bloodstained altar of Trog.
  4407 | D:5      | Reached * piety under Makhleb
  4407 | D:5      | Reached XP level 9. HP: 49/69 MP: 15/18
  4530 | D:6      | Splashed by an orc warrior's acid

Levels and vault maps discovered:
D:1:      dpeg_arrival_court, layout_loops_ring
D:2:      layout_rooms, nicolae_overflow_hidden_temple, grunt_ministairs_3,
          kennysheep_nondescript, uniq_natasha
D:3:      layout_loops_ring, st_stairs_1, minivault_5, tgw_sif
D:4:      layout_gridville, minmay_temple_entry_crystal_x, first_ration,
          uniq_edmund
D:5:      layout_layer_cave, grunt_temple_overflow_cloverleaf, serial_shops,
          shop, uniq_eustachio
D:6:      layout_rooms
D:7:      layout_basic, elyvilon_altar_3, grunt_ogre_cave,
          chequers_serial_rivers_micro_b
Temple:   eino_wide_crystal_templ

Skill      XL: |  1  2  3  4  5  6  7  8 |
---------------+-------------------------+-----
Spellcasting   | 5 6 |  6.4
Invocations    | 1 2 3 4 |  4.2
Long Blades    | 1 2 3 |  3.9
Axes           | 1 2 3 |  3.9
Maces & Flails | 1 2 3 |  3.9
Polearms       | 1 2 3 |  3.9
Staves         | 1 2 3 |  3.9
Slings         | 1 2 3 |  3.9
Bows           | 1 2 3 |  3.9
Crossbows      | 1 2 3 |  3.9
Throwing       | 1 2 3 |  3.9
Stealth        | 1 2 3 |  3.9
Shields        | 1 2 3 |  3.9
Unarmed Combat | 1 2 3 |  3.9
Evocations     | 1 2 3 |  3.9
Conjurations   | 1 2 3 |  3.2
Hexes          | 1 2 3 |  3.2
Summonings     | 1 2 3 |  3.2
Necromancy     | 1 2 3 |  3.2
Translocations | 1 2 3 |  3.2
Transmutations | 1 2 3 |  3.2
Fire Magic     | 1 2 3 |  3.2
Ice Magic      | 1 2 3 |  3.2
Air Magic      | 1 2 3 |  3.2
Earth Magic    | 1 2 3 |  3.2
Poison Magic   | 1 2 3 |  3.2
Armour         | 3 4 |  4.7
Fighting       | 5 6 |  6.1
Short Blades   | 5 6 |  6.1
Dodging        | 5 6 |  6.1
Charms         | 6 |  6.4

Action                   |  1- 3 |  4- 6 |  7- 9 || total
-------------------------+-------+-------+-------++-------
Melee: Short sword       |   105 |       |       ||   105
       Bite              |    15 |    20 |    20 ||    55
       Dagger            |    29 |   217 |     3 ||   249
       Punch             |       |     3 |       ||     3
       Flail             |       |       |    71 ||    71
       Rapier            |       |       |    57 ||    57
Throw: Stone             |       |       |     4 ||     4
 Cast: Shroud of Golubri |    10 |    11 |    14 ||    35
       Spectral Weapon   |     2 |     7 |    10 ||    19
       Song of Slaying   |       |     1 |     2 ||     3
       Regeneration      |       |     2 |     2 ||     4
       Infusion          |       |     1 |     2 ||     3
 Stab: Sleeping          |       |     1 |       ||     1
       Distracted        |       |     2 |     1 ||     3
  Eat: Chunk             |     1 |     5 |     8 ||    14
Armor: Leather armour    |    25 |    43 |       ||    68
       Scale mail        |       |       |    82 ||    82
Dodge: Dodged            |   107 |   105 |   111 ||   323
